 Dungeon Crawl Stone Soup version 0.19.5 (webtiles) character file.

149 tidbits the Slasher (level 5, 2/34 HPs)
             Began as a High Elf Skald on Nov 8, 2017.
             Quit the game on level 5 of the Dungeon.
             The game lasted 00:09:42 (1071 turns).

tidbits the Slasher (High Elf Skald)                Turns: 1071, Time: 00:09:43

Health: 2/34       AC:  4    Str: 12    XL:     5   Next: 9%
Magic:  4/9        EV: 11    Int: 16    God:
Gold:   198        SH:  0    Dex: 16    Spells: 4 memorised, 1 level left

rFire  . . .     SeeInvis .     a - +0 long sword
rCold  . . .     Gourm    .     b - +0 leather armour
rNeg   . . .     Faith    .     (no shield)
rPois  .         Spirit   .     E - +1 hat
rElec  .         Reflect  .     (no cloak)
rCorr  .         Harm     .     (no gloves)
MR     .....                    (no boots)
Stlth  ++........               (no amulet)
                                (no ring)
                                p - ring of stealth

@: confused, infused
A: thin skeletal structure 1
a: no special abilities


You were on level 5 of the Dungeon.
You were near starving.

You visited 1 branch of the dungeon, and saw 5 of its levels.

You collected 198 gold pieces.

Inventory:

Hand Weapons
 a - a +0 long sword (weapon)
   (You found it on level 3 of the Dungeon)
 i - a +0 falchion
Missiles
 f - 29 arrows
Armour
 b - a +0 leather armour (worn)
 m - a +0 ring mail
   (You took it off a kobold on level 2 of the Dungeon)
 E - a +1 hat (worn)
   (You found it on level 2 of the Dungeon)
Jewellery
 p - a ring of stealth (left hand)
   (You found it on level 4 of the Dungeon)
Wands
 j - a wand of paralysis (3/24)
   (You found it on level 2 of the Dungeon)
Scrolls
 g - a scroll of magic mapping {unknown}
 k - a scroll of noise
 l - 2 scrolls of amnesia
 n - a scroll of blinking
Books
 c - a book of Battle

   Spells                             Type                      Level
   a - Infusion                       Charms                       1
   b - Shroud of Golubria             Charms/Translocation         2
   c - Song of Slaying                Charms                       2
   d - Spectral Weapon                Hexes/Charms                 3
   e - Regeneration                   Charms/Necromancy            3
Comestibles
 d - 4 bread rations
 h - 2 meat rations


   Skills:
 - Level 2.0 Fighting
 - Level 5.3 Long Blades
 - Level 1.0 Armour
 - Level 1.1 Dodging
 - Level 2.5 Spellcasting
 + Level 2.5 Hexes
 - Level 3.6 Charms


You had one spell level left.
You knew the following spells:

 Your Spells              Type           Power        Failure   Level  Hunger
g - Shroud of Golubria    Chrm/Tloc      #.........   21%         2    ##.....
i - Infusion              Chrm           ##..         8%          1    #......
w - Spectral Weapon       Hex/Chrm       ##......     24%         3    ###....
y - Song of Slaying       Chrm           ##......     12%         2    ##.....


Dungeon Overview and Level Annotations

Branches:
Dungeon (5/15)
 Temple: D:4-7

Altars:
Nemelex Xobeh

Annotations:
D:3 Natasha


Innate Abilities, Weirdness & Mutations

You have a somewhat thin skeletal structure. (Dex +2, Stealth)


Message History

k - a scroll of noise Tidbits's ghost turns its malevolent gaze towards you.
The orc wizard mumbles some strange words.
The orc wizard blinks!
Tidbits's ghost points at you and mumbles some strange words.
The zap misses you.
The orc wizard mumbles some strange words.
The orc wizard flickers and vanishes!
Deactivating autopickup; reactivate with Ctrl-A.
Your magical contamination has completely faded away.
You miss something. Something hits you but does no damage.
Okay, then.
Evoke which item? (* to show all) (? for menu, Esc to quit)
Zapping:
j - a wand of paralysis (5/24)
Press: ? - help, Shift-Dir - straight line, f - tidbits's ghost
Aim: tidbits's ghost (chance to defeat MR: 46%) Tidbits's ghost resists with some effort.
This wand has 4 charges left.
The orc shouts!
You hear a shout!
Something hits you but does no damage.
Evoke which item? (* to show all) (? for menu, Esc to quit)
Zapping:
j - a wand of paralysis (4/24)
Press: ? - help, Shift-Dir - straight line, f/p - tidbits's ghost
Aim: tidbits's ghost (chance to defeat MR: 46%) Tidbits's ghost suddenly stops moving!
This wand has 3 charges left.
Something hits you.
The leopard gecko hisses angrily.
The orc wizard casts a spell.
The orc wizard seems to speed up.
You hear some strange, mumbled words.
A puff of flame appears from out of thin air!
The puff of flame hits you!
* * * LOW HITPOINT WARNING * * *
An adder comes into view.
The orc wizard casts a spell.
The orc wizard blinks!
You hear some strange, mumbled words.
Something tries to affect you, but you resist.
An orc comes into view. It is wielding a short sword.
It was a potion of beneficial mutation.
Your bones become slightly less dense.
You feel fantastic!
Casting: Spectral Weapon
Confirm with . or Enter, or press ? or * to list all spells.
You begin infusing your attacks with magical energy.
The adder hisses angrily.
The helpless tidbits's ghost fails to defend itself.
You hit tidbits's ghost!
Tidbits's ghost is moderately damaged.
Something hits you but does no damage.
The helpless tidbits's ghost fails to defend itself.
You hit tidbits's ghost.
Tidbits's ghost is severely damaged.
You hear some strange, mumbled words.
A puff of flame appears from out of thin air!
The puff of flame misses you.
The puff of flame hits tidbits's ghost.
The helpless tidbits's ghost fails to defend itself.
You hit tidbits's ghost.
You destroy tidbits's ghost!
You have reached level 5!
You hear some strange, mumbled words.
A puff of flame appears from out of thin air!
The puff of flame hits you!
* * * LOW HITPOINT WARNING * * *
You hit the leopard gecko.
The leopard gecko is severely wounded.
The leopard gecko closely misses you.
You riposte.
You barely miss the leopard gecko.
The leopard gecko is severely wounded.
You hear some strange, mumbled words.
You are confused.
The leopard gecko bites you.
* * * LOW HITPOINT WARNING * * *
You aren't carrying any potions.
Unknown command.
You miss the leopard gecko.
The leopard gecko is severely wounded.
The orc wizard casts a spell at you.
You hear some strange, mumbled words.
Something tries to affect you, but you resist.
The leopard gecko bites you.
* * * LOW HITPOINT WARNING * * *
You closely miss the leopard gecko.
The leopard gecko is heavily wounded.
The leopard gecko bites you but does no damage.
Something hits you but does no damage.
You barely miss the leopard gecko.
The leopard gecko is heavily wounded.
The leopard gecko completely misses you.
Something hits you but does no damage. The leopard gecko misses you.
You closely miss the leopard gecko.
The leopard gecko is heavily wounded.
The leopard gecko bites you.
* * * LOW HITPOINT WARNING * * *
Something hits you.
* * * LOW HITPOINT WARNING * * *
You aren't carrying any potions.
Unknown command.
You bump into the rock wall.
The leopard gecko closely misses you.
Are you sure you want to abandon this character and quit the game? (Confirm with "yes".)

.o #o ....... #.
..... #. ..... #. ...
#.### ... #.[.# #S#
###.#### #l# #.##..
##. #@# #.##.# #..
#.# #.##.# #.# #o#
#.##.# #.# #o# #.##.#
#.# #o#
#....####.###.####
####.....o..........#
.......<.o.......##.#
####...<.###o######.#


You could see an orc wizard, an adder, 2 orcs and a leopard gecko.

Vanquished Creatures
  The ghost of tidbits the Gusty, a weakling HEAE (D:5)
  Ijyb (D:2)
  Terence (D:2)
  A worker ant (D:4)
  An adder (D:4)
  A shadow imp (D:5)
  An ooze (D:2)
  A leopard gecko (D:1)
  An orc (D:5)
  5 giant cockroaches
  2 goblins (D:1)
  5 hobgoblins
  4 jackals
  A bat (D:1)
  A frilled lizard (D:2)
  4 kobolds (D:2)
  A rat (D:3)
32 creatures vanquished.

Notes
Turn   | Place    | Note
-------+----------+-------------------------------------------
     0 | D:1      | tidbits the High Elf Skald began the quest for the Orb.
     0 | D:1      | Reached XP level 1. HP: 14/14 MP: 4/4
    35 | D:1      | Reached skill level 1 in Armour
   118 | D:1      | Reached skill level 3 in Long Blades
   187 | D:1      | Reached XP level 2. HP: 15/19 MP: 1/6
   192 | D:1      | Learned a level 2 spell: Song of Slaying
   195 | D:1      | Learned a level 2 spell: Shroud of Golubria
   385 | D:2      | Noticed Ijyb
   399 | D:2      | Killed Ijyb
   399 | D:2      | Reached skill level 4 in Long Blades
   399 | D:2      | Reached XP level 3. HP: 9/24 MP: 7/7
   569 | D:2      | Noticed Terence
   592 | D:2      | Killed Terence
   592 | D:2      | Reached skill level 5 in Long Blades
   592 | D:2      | Reached XP level 4. HP: 29/29 MP: 2/8
   652 | D:3      | Noticed Natasha
   719 | D:2      | Learned a level 3 spell: Spectral Weapon
   777 | D:3      | Found a sparkling altar of Nemelex Xobeh.
   927 | D:4      | Reached skill level 1 in Hexes
   972 | D:5      | Entered Level 5 of the Dungeon
   976 | D:5      | Reached skill level 2 in Hexes
  1047 | D:5      | Noticed tidbits's ghost (weakling HEAE)
  1060 | D:5      | Gained mutation: You have a somewhat thin skeletal structure. (Dex +2, Stealth) [potion of beneficial mutation]
  1064 | D:5      | Killed tidbits's ghost
  1064 | D:5      | Reached XP level 5. HP: 17/34 MP: 4/9
  1069 | D:5      | HP: 2/34 [something (5)]
  1071 | D:5      | Quit the game

Skill      XL: |  1  2  3  4 |
---------------+-------------+-----
Armour         | 1 |  1.0
Long Blades    | 3 4 5 |  5.3
Hexes          | 2 |  2.5
Fighting       | |  2.0
Dodging        | |  1.1
Spellcasting   | |  2.5
Charms         | |  3.6

Action                   |  1- 3 |  4- 6 || total
-------------------------+-------+-------++-------
Melee: Falchion          |    61 |    18 ||    79
       Long sword        |       |    23 ||    23
 Cast: Infusion          |    11 |     2 ||    13
       Spectral Weapon   |       |     4 ||     4
       Shroud of Golubri |       |     2 ||     2
Evoke: Wand              |     3 |     2 ||     5
  Use: Scroll            |     3 |     3 ||     6
       Potion            |     1 |     1 ||     2
 Stab: Paralysed         |    18 |     3 ||    21
       Sleeping          |     1 |       ||     1
Armor: Leather armour    |    13 |     9 ||    22
Dodge: Dodged            |    19 |    28 ||    47
       Rpst.: Falchion   |     7 |     4 ||    11
       Long sword        |       |     4 ||     4

Table legend:
 A = Turns spent in this place as a percentage of turns spent in the entire game.
 B = Non-inter-level travel turns spent in this place as a percentage of non-inter-level travel turns spent in the entire game.
 C = Inter-level travel turns spent in this place as a percentage of turns spent in this place.
 D = Turns resting spent in this place as a percentage of non-inter-level travel turns spent in this place.
 E = Turns spent auto-exploring this place as a percentage of non-inter-level travel turns spent in this place.
 F = Non-inter-level travel turns spent in this place divided by the number of levels of this place that you've seen.
                   A       B       C       D       E      F
               +-------+-------+-------+-------+-------+----------------------
         Total | 100.0 | 100.0 |   0.0 |   0.0 |   0.0 | 190.0
       Dungeon | 100.0 | 100.0 |   0.0 |   0.0 |   0.0 | 190.0
               +-------+-------+-------+-------+-------+----------------------

Table legend:
 A = Kills in this place as a percentage of kills in entire the game.
 B = Kills by you in this place as a percentage of kills by you in the entire game.
 C = Kills by friends in this place as a percentage of kills by friends in the entire game.
 D = Other kills in this place as a percentage of other kills in the entire game.
 E = Experience gained in this place as a percentage of experience gained in the entire game.
 F = Experience gained in this place divided by the number of levels of this place that you have seen.
                   A       B       C       D       E      F
               +-------+-------+-------+-------+-------+----------------------
         Total | 100.0 | 100.0 |  -nan |  -nan | 100.0 |  42.6
       Dungeon | 100.0 | 100.0 |  -nan |  -nan | 100.0 |  42.6
               +-------+-------+-------+-------+-------+----------------------

Vault maps used:
D:1:      dpeg_arrival_tiny_c
D:2:      first_bread, uniq_iyjb, uniq_terence, uniq_robin
D:3:      lemuel_doored_altar, serial_forest, infiniplex_forest_end_2,
          infiniplex_forest_zigzag_1, infiniplex_forest_straight_2,
          infiniplex_forest_3_way, infiniplex_forest_straight_3,
          infiniplex_forest_clump_medium, uniq_natasha
D:4:      minmay_ruined_shrine, uniq_purgy
D:5:      minmay_temple_entry_statues_fountains, nicolae_zen_rock_garden,
          nicolae_sextant
